 Dungeon Crawl Stone Soup version 0.24-a0-412-ge138f7edaf (webtiles) character file.

Game seed: 14749048792737311187

4984 Defined the Fighter (level 10, 0/93 HPs)
             Began as a Minotaur Chaos Knight on June 6, 2019.
             Was a Plaything of Xom.
             Killed by vampiric draining
             ... invoked by a vampire
              (11 damage)
             ... on level 9 of the Dungeon.
             The game lasted 00:26:32 (6204 turns).

Defined the Fighter (Minotaur Chaos Knight)         Turns: 6204, Time: 00:26:33

Health: 0/93       AC:  9    Str: 19 (20) XL:     10   Next: 29%
Magic:  9/9        EV: 19    Int:  7 (9)  God:    Xom [......]
Gold:   359        SH: 10    Dex: 13 (15) Spells: 9/9 levels left

rFire    + + .     SeeInvis .   b - +4 dagger of Articulation {venom, rF+}
rCold    + . .     Gourm    .   i - +0 shield
rNeg     . . .     Faith    +   m - +2 scale mail {rF+}
rPois    .         Spirit   .   (helmet unavailable)
rElec    .         Reflect  .   f - +0 cloak
rCorr    .         Harm     .   (no gloves)
MR       .....                  (no boots)
Stlth    +.........             q - amulet of faith
HPRegen  0.25/turn              j - ring of protection from cold
MPRegen  0.11/turn              y - +1 ring of evasion

@: agile
A: retaliatory headbutt, horns 3, talons 1, rugged brown scales 1, blurry vision
1, deformed body, wild magic 2, sturdy frame 1
a: Renounce Religion


You were on level 9 of the Dungeon.
You worshipped Xom.
You were a very special plaything of Xom.
You were not hungry.

You visited 1 branch of the dungeon, and saw 9 of its levels.

You collected 486 gold pieces.
You spent 127 gold pieces at shops.

Inventory:

Hand Weapons
 b - the +4 dagger of Articulation (weapon) {venom, rF+}
   (You found it on level 5 of the Dungeon)

   It poisons the flesh of those it strikes.
   It protects you from fire.
Missiles
 e - 14 boomerangs
 l - 4 curare-tipped darts (quivered)
 t - 30 poisoned darts
Armour
 f - a +0 cloak (worn)
 i - a +0 shield (worn)
 m - a +2 scale mail of fire resistance (worn)
Magical Staves
 B - an uncursed staff of power
Jewellery
 j - a ring of protection from cold (left hand)
 q - an amulet of faith (around neck)
 y - a +1 ring of evasion (right hand)
Wands
 g - a wand of flame (23)
Scrolls
 d - 2 scrolls of enchant weapon
 n - a scroll of amnesia
 r - 2 scrolls of remove curse
 v - 3 scrolls of immolation
 C - 2 scrolls of blinking
 D - a scroll of noise
Potions
 h - 2 potions of curing
 k - 3 potions of brilliance
 o - 2 potions of invisibility
 p - a potion of berserk rage
 s - 2 potions of resistance
 u - a potion of agility
 w - 2 potions of lignification
 x - a potion of haste
 z - 2 potions of flight {unknown}
Comestibles
 c - 19 rations


   Skills:
 + Level 9.5 Fighting
 + Level 4.6 Short Blades
   Level 6.1 Axes
 + Level 9.1 Armour
 + Level 8.0 Dodging
 + Level 7.0 Shields


You had 9 spell levels left.
You didn't know any spells.
Your spell library contained the following spells:

 Spells                   Type           Power        Failure   Level  Hunger
 Magic Dart               Conj           #...         98%         1    ##.....
 Blink                    Tloc           N/A          99%         2    ###....
 Call Imp                 Summ           #.......     99%         2    ###....
 Slow                     Hex            #.......     99%         2    ###....
 Conjure Flame            Conj/Fire      #.......     100%        3    ####...
 Mephitic Cloud           Conj/Pois/Air  #.......     100%        3    ####...


Dungeon Overview and Level Annotations

Branches:
Dungeon (9/15)             Temple (0/1) D:5
   Lair: D:8-11         Orc: D:9-12

Altars:
Ashenzari
Elyvilon
Makhleb
Nemelex Xobeh
Okawaru
Qazlal
Uskayaw
Xom
The Shining One

Shops:
D:6 %==?=


Innate Abilities, Weirdness & Mutations

You reflexively headbutt those who attack you in melee.
You have a pair of large horns on your head.
You have sharp toenails.
You are partially covered in rugged brown scales. (AC +1, +3% HP)
Scrolls take you a little longer to read.
Armour fits poorly on your strangely shaped body.
Your spells are harder to cast, but more powerful.
Your movements are slightly less encumbered by armour. (ER -2)


Message History

You hit something. Your kick misses something. Something hits you!
Something bites you.
Something draws strength from your injuries!
You miss something. You claw something. You headbutt something.
Unholy energy fills the air.
* * * LOW HITPOINT WARNING * * *
You hit something but do no damage. You headbutt something! Something hits you.
* * * LOW HITPOINT WARNING * * *
Something bites you but does no damage.
You closely miss something. Your kick misses something.
Your headbutt misses something.
A phantom comes into view.
Something hits you but does no damage. Something bites you!
* * * LOW HITPOINT WARNING * * *
Something draws strength from your injuries!
It was a potion of degeneration.
There was something very wrong with that liquid.
You feel weakened.
You feel dopey.
You feel clumsy.
Unholy energy fills the air.
You die...

..... #.
#.?.. #.
# ####
#. .###
#. #..>
#. ...#
#. #..
#.#.#
#.@{#
#.....#
W o
#.####W.
# #.# .#
Y #


Y Y Y You could see a phantom (wandering).

Vanquished Creatures
  2 centaur skeletons
  2 hippogriffs
  Menkaure (D:5)
  4 orc warriors
  4 sky beasts
  An eye of draining (D:7)
  An ice beast (D:5)
  3 ogres
  A phantom (D:4)
  A necrophage (D:6)
  3 centaurs
  A big kobold (D:9)
  5 bullfrogs
  2 gnoll sergeants (D:5)
  3 scorpions
  5 killer bees (D:7)
  9 wights
  3 howler monkeys
  2 centaur zombies
  2 crimson imps
  A bullfrog zombie (D:4)
  A jelly (D:6)
  2 hounds
  An orc priest (D:8)
  A bullfrog skeleton (D:6)
  5 orc wizards
  Crazy Yiuf (D:5)
  Ijyb (D:5)
  6 worker ants
  A howler monkey zombie (D:7)
  A worker ant zombie (D:8)
  8 adders
  2 shadow imps
  2 oozes
  An adder zombie (D:3)
  4 adder skeletons
  2 worms
  2 dart slugs
  6 leopard geckos
  10 orcs
  13 bats
  4 giant cockroaches
  9 goblins
  7 hobgoblins
  4 jackals
  19 kobolds
  3 quokkas
  A ball python (D:3)
  4 frilled lizards
  6 rats
  A plant (D:1)
184 creatures vanquished.

Vanquished Creatures (collateral kills)
  A troll (D:7)
  A scorpion (D:8)
  A crimson imp (D:8)
  A bullfrog skeleton (D:8)
  A hound (D:6)
  A bush (D:1)
  2 plants (D:1)
8 creatures vanquished.

Vanquished Creatures (others)
  Blork the orc (D:5)
1 creature vanquished.

Grand Total: 193 creatures vanquished

Notes
Turn   | Place    | Note
-------+----------+-------------------------------------------
     0 | D:1      | Defined the Minotaur Chaos Knight began the quest for the
                  | Orb.
     0 | D:1      | Reached XP level 1. HP: 19/19 MP: 0/0
   163 | D:1      | Reached XP level 2. HP: 22/27 MP: 1/1
   372 | D:1      | XOM: god gift: 4 curare-tipped darts
   454 | D:1      | XOM: harmless Fire miscast
   638 | D:1      | Reached XP level 3. HP: 33/33 MP: 2/2
   670 | D:1      | XOM: 3-stop teleportation journey
   959 | D:2      | Found a faded altar of an unknown god.
  1124 | D:2      | Reached XP level 4. HP: 32/41 MP: 3/3
  1179 | D:2      | Found a burning altar of Makhleb.
  1186 | D:2      | XOM: harmless Ice miscast
  1443 | D:3      | XOM: potion effect (agility)
  1460 | D:3      | Reached XP level 5. HP: 32/47 MP: 4/4
  1583 | D:3      | Found an iron altar of Okawaru.
  1590 | D:3      | XOM: harmless Pois miscast
  1658 | D:3      | Noticed Jessica
  1660 | D:3      | Noticed Jessica
  1660 | D:3      | Jessica changed into Jessica the hobgoblin
  1660 | D:3      | XOM: polymorph Jessica -> Jessica the hobgoblin
  1666 | D:3      | Killed Jessica the hobgoblin
  1676 | D:3      | XOM: god gift: lumpy platinum amulet {god gift}
  1750 | D:3      | XOM: blink monster(s)
  1770 | D:3      | Reached skill level 5 in Fighting
  1776 | D:3      | XOM: summons 2 hostile demons
  1782 | D:3      | XOM: polymorph white imp -> crimson imp
  1927 | D:3      | XOM: mild Tmut miscast
  2033 | D:3      | XOM: mild Pois miscast
  2051 | D:3      | Found a stormy altar of Qazlal.
  2396 | D:4      | Noticed a phantom
  2412 | D:4      | XOM: summons friendly shadow imp
  2414 | D:4      | XOM: confusion
  2417 | D:4      | XOM: summons 2 hostile demons
  2517 | D:4      | XOM: enchant monster (bad)
  2526 | D:4      | Reached skill level 5 in Axes
  2725 | D:4      | XOM: noise
  2734 | D:4      | XOM: cast spell 'Metabolic Englaciation'
  2736 | D:4      | Reached XP level 6. HP: 48/56 MP: 5/5
  2769 | D:4      | XOM: summons 2 hostile shadow creatures
  2804 | D:4      | XOM: confusion (+ monsters)
  2901 | D:5      | Entered Level 5 of the Dungeon
  2902 | D:5      | Noticed Ijyb
  2904 | D:5      | XOM: 1-stop teleportation journey
  2979 | D:5      | Noticed Menkaure
  2979 | D:5      | Noticed an orc warrior
  2981 | D:5      | Gained mutation: You have a pair of large horns on your
                  | head. [potion of mutation]
  2981 | D:5      | Gained mutation: Your spells are a little harder to cast,
                  | but a little more powerful. [potion of mutation]
  2981 | D:5      | Gained mutation: You are partially covered in rugged brown
                  | scales. (AC +1, +3% HP) [potion of mutation]
  2986 | D:5      | XOM: cleaving
  2988 | D:5      | XOM: summons friendly crimson imp
  2991 | D:5      | Noticed an orc warrior
  2997 | D:5      | XOM: mild Air miscast
  2998 | D:5      | Killed Menkaure
  2998 | D:5      | Reached skill level 5 in Armour
  2998 | D:5      | Reached XP level 7. HP: 17/63 MP: 6/6
  3060 | D:5      | XOM: summons 1 hostile demon
  3189 | D:5      | XOM: 1-stop teleportation journey
  3193 | D:5      | Got a translucent dagger
  3194 | D:5      | Identified the +4 dagger of Articulation {venom, rF+} (You
                  | found it on level 5 of the Dungeon)
  3312 | D:5      | Found a runed translucent door.
  3313 | D:5      | Noticed Crazy Yiuf
  3319 | D:5      | Killed Crazy Yiuf
  3405 | D:5      | XOM: 7-stop teleportation journey
  3419 | D:5      | Killed Ijyb
  3472 | D:5      | Reached skill level 1 in Shields
  3489 | D:5      | Noticed Blork the orc
  3490 | D:5      | Found a staircase to the Ecumenical Temple.
  3491 | D:5      | XOM: harmless Summ miscast
  3500 | D:5      | Killed Blork the orc
  3510 | D:5      | Reached skill level 5 in Dodging
  3510 | D:5      | Reached XP level 8. HP: 25/73 MP: 7/7
  3533 | D:5      | XOM: 2-stop teleportation journey
  3853 | D:5      | XOM: divination: detect creatures
  3860 | D:5      | XOM: harmless Hex miscast
  4000 | D:6      | Found Moxt's Magic Scroll Shoppe.
  4016 | D:6      | XOM: potion effect (agility)
  4019 | D:6      | XOM: cast spell 'Cause Fear'
  4047 | D:6      | Bought a scroll of blinking for 82 gold pieces
  4062 | D:6      | Found Rosi's Jewellery Emporium.
  4085 | D:6      | XOM: cast spell 'Ring of Flames'
  4103 | D:6      | XOM: cleaving
  4115 | D:6      | XOM: enchant monster (good)
  4167 | D:6      | XOM: polymorph jackal -> dart slug
  4172 | D:6      | XOM: blink monster(s)
  4234 | D:6      | Found Haberoiss's Jewellery Boutique.
  4237 | D:6      | Found Loiggemm's Food Emporium.
  4246 | D:6      | XOM: summons 4 hostile demons
  4310 | D:6      | Bought a +1 ring of evasion for 45 gold pieces
  4395 | D:6      | Found a shimmering altar of Xom.
  4399 | D:6      | Found a hide-covered altar of Uskayaw.
  4411 | D:6      | Found a sparkling altar of Nemelex Xobeh.
  4477 | D:6      | Found a white marble altar of Elyvilon.
  4537 | D:6      | Found Tionem's Jewellery Shoppe.
  4639 | D:7      | Noticed a troll
  4642 | D:7      | XOM: confusion (+ monsters)
  4643 | D:7      | XOM: enchant monster (good)
  4661 | D:7      | XOM: enchant monster (bad)
  4662 | D:7      | Reached XP level 9. HP: 47/83 MP: 1/8
  4664 | D:7      | XOM: summons friendly ufetubus
  4671 | D:7      | Killed a troll
  4671 | D:7      | Reached skill level 1 in Short Blades
  4694 | D:7      | Found a shattered altar of Ashenzari.
  4694 | D:7      | XOM: 1-stop teleportation journey
  4704 | D:7      | Reached skill level 5 in Shields
  4856 | D:7      | XOM: noise
  4874 | D:7      | XOM: confusion
  5006 | D:7      | XOM: enchant monster (bad)
  5081 | D:7      | XOM: give mutations
  5081 | D:7      | Lost mutation: You have a pair of large horns on your head.
                  | [Xom's mischief]
  5081 | D:7      | Gained mutation: Armour fits poorly on your strangely
                  | shaped body. [Xom's mischief]
  5081 | D:7      | Gained mutation: You have sharp toenails. [Xom's mischief]
  5081 | D:7      | Gained mutation: Scrolls take you a little longer to read.
                  | [Xom's mischief]
  5365 | D:7      | XOM: give mutations
  5365 | D:7      | Gained mutation: Your spells are harder to cast, but more
                  | powerful. [Xom's grace]
  5365 | D:7      | Gained mutation: You have a pair of large horns on your
                  | head. [Xom's grace]
  5365 | D:7      | Gained mutation: Your movements are slightly less
                  | encumbered by armour. (ER -2) [Xom's grace]
  5520 | D:8      | XOM: summons 4 friendly demons
  5559 | D:8      | XOM: cast spell 'Summon Mana Viper'
  5653 | D:8      | XOM: divination: detect creatures
  5718 | D:8      | XOM: smoke on damage
  5723 | D:8      | Reached XP level 10. HP: 86/93 MP: 9/9
  5849 | D:8      | XOM: 1-stop teleportation journey
  6020 | D:8      | Found a glowing golden altar of the Shining One.
  6175 | D:9      | XOM: divination: detect creatures
  6181 | D:9      | XOM: noise
  6188 | D:9      | XOM: mild Fire miscast
  6204 | D:9      | Killed from afar by a vampire

Levels and vault maps discovered:
D:1:      ebering_hopf_link, layout_loops_cross, lexackson_kobold_supper
D:2:      layout_basic, makhleb_grotto_becter,
          chequers_ecumenical_altar_simple_redux, first_ration
D:3:      layout_rooms, lemuel_doored_altar, hex_tiny,
          nicolae_qazlal_eye_of_the_storm, uniq_jessica
D:4:      wad_river_or_something, layout_rooms, minmay_misc_feat_room
D:5:      layout_loops_ring, minmay_temple_entry_stoned_glass, minivault_27,
          sword_in_stone, uniq_menkaure, uniq_blork_the_orc,
          uniq_crazy_yiuf_cottage, uniq_ijyb
D:6:      layout_rooms, elyvilon_altar_3, minmay_overflow_temple_star_quad,
          serial_shops, shop, shop, nicolae_shop_temple_entry_statues_fountains,
          shop, shop
D:7:      layout_basic, basic_altar, grunt_ogre_cave, minivault_22
D:8:      layout_cave_pools, tso_metal_star, st_stairs_9
D:9:      layout_loops_ring, chequers_temple_overflow_minitemple, special_room
          [special_room_orc], minmay_guarded_unrand_finisher

Skill      XL: |  1  2  3  4  5  6  7  8  9 10 |
---------------+-------------------------------+-----
Fighting       | 4 5 6 8 9 |  9.5
Axes           | 4 5 6 |  6.1
Armour         | 3 4 5 6 7 8 9 |  9.1
Dodging        | 2 3 4 5 6 7 8 |  8.0
Shields        | 2 4 6 7 |  7.0
Short Blades   | 3 4 |  4.6

Action                   |  1- 3 |  4- 6 |  7- 9 | 10-12 || total
-------------------------+-------+-------+-------+-------++-------
Melee: Hand axe          |   130 |   149 |    10 |       ||   289
       Headbutt          |    18 |    28 |    56 |    24 ||   126
       Dagger            |       |       |   318 |   102 ||   420
       Kick              |       |       |    28 |    27 ||    55
Evoke: Wand              |       |       |     2 |       ||     2
  Use: Scroll            |       |    11 |     7 |       ||    18
       Potion            |       |     8 |     5 |     2 ||    15
 Stab: Confused          |       |       |     1 |       ||     1
       Distracted        |       |       |     1 |       ||     1
  Eat: Chunk             |     1 |     3 |     9 |     1 ||    14
       Ration            |       |     1 |       |       ||     1
Armor: Leather armour    |    20 |       |       |       ||    20
       Scale mail        |    25 |    78 |   126 |    25 ||   254
       Skin              |       |     2 |    23 |       ||    25
Dodge: Dodged            |    70 |    87 |   140 |    56 ||   353
Block: Shield            |       |       |   158 |    59 ||   217

Table legend:
 A = Non-vault XP
 B = Vault XP
 C = Vault XP percentage of total XP
 D = Non-vault monster count
 E = Vault monster count
 F = Vault count percentage of total count
                 A         B        C        D         E       F
            +---------+---------+-------+---------+---------+-------
      Total |    5885 |    1236 |  17.4 |     160 |      29 |  15.3
            +---------+---------+-------+---------+---------+-------
        D:1 |      26 |      16 |  38.1 |      17 |       8 |  32.0
        D:2 |      68 |      48 |  41.4 |      26 |       1 |   3.7
        D:3 |     138 |       2 |   1.4 |      24 |       1 |   4.0
        D:4 |      98 |     218 |  69.0 |       2 |       8 |  80.0
        D:5 |     360 |     573 |  61.4 |       6 |       8 |  57.1
        D:6 |    1127 |       0 |   0.0 |      21 |       0 |   0.0
        D:7 |    1637 |     113 |   6.5 |      28 |       1 |   3.4
        D:8 |    1578 |     266 |  14.4 |      26 |       2 |   7.1
        D:9 |     853 |       0 |   0.0 |      10 |       0 |   0.0
            +---------+---------+-------+---------+---------+-------
